 Dungeon Crawl Stone Soup version 0.24-a0-515-gbe7f5e2e8d (console) character file.

Game seed: 12423344645099668685

88 Garrluk the Magician (level 4, -2/24 HPs)
             Began as a Deep Elf Fire Elementalist on July 21, 2019.
             Killed by nerve-wracking pain
             ... invoked by an orc priest
              (5 damage)
             ... on level 3 of the Dungeon.
             The game lasted 00:05:26 (1684 turns).

Garrluk the Magician (Deep Elf Fire Elementalist)   Turns: 1684, Time: 00:05:26

Health: -2/24      AC:  4    Str:  5    XL:     4   Next: 30%
Magic:  3/12       EV: 13    Int: 21    God:
Gold:   104        SH:  0    Dex: 15    Spells: 3/11 levels left

rFire    . . .     SeeInvis .   e - +0 club
rCold    . . .     Gourm    .   (no shield)
rNeg     . . .     Faith    .   d - +0 robe (curse)
rPois    .         Spirit   .   (no helmet)
rElec    .         Reflect  .   (no cloak)
rCorr    .         Harm     .   (no gloves)
MR       .....                  n - +0 pair of boots
Stlth    ++........             (no amulet)
HPRegen  0.08/turn              k - +1 ring of protection
MPRegen  0.13/turn              (no ring)

@: very slightly contaminated
A: no striking features
a: no special abilities


You were on level 3 of the Dungeon.
You were very hungry.

You visited 1 branch of the dungeon, and saw 3 of its levels.

You collected 104 gold pieces.

Notes
Turn   | Place    | Note
-------+----------+-------------------------------------------
     0 | D:1      | Garrluk the Deep Elf Fire Elementalist began the quest for
                  | the Orb.
     0 | D:1      | Reached XP level 1. HP: 10/10 MP: 6/6
    60 | D:1      | You fall into a shaft and drop 1 floor!
   178 | D:1      | Reached XP level 2. HP: 15/15 MP: 1/8
   688 | D:2      | Reached XP level 3. HP: 10/19 MP: 6/10
   700 | D:2      | Learned a level 3 spell: Conjure Flame
  1137 | D:2      | Reached XP level 4. HP: 22/24 MP: 9/12
  1143 | D:2      | Learned a level 4 spell: Sticky Flame
  1684 | D:3      | Killed from afar by an orc priest

Inventory:

Hand Weapons
 e - a +0 club (weapon)
   (You took it off a hobgoblin on level 1 of the Dungeon)
Armour
 d - a cursed +0 robe (worn)
   (You found it on level 1 of the Dungeon)
 n - a +0 pair of boots (worn)
   (You found it on level 2 of the Dungeon)
Jewellery
 k - a +1 ring of protection (left hand)
   (You found it on level 2 of the Dungeon)
Scrolls
 a - a scroll of enchant weapon {unknown}
 f - 4 scrolls of amnesia {unknown}
 g - 3 scrolls of identify {unknown}
Potions
 b - 3 potions of curing {unknown}
 h - a potion of resistance {unknown}
 i - a potion of invisibility {unknown}
 j - 2 potions of might {unknown}
 l - a potion of ambrosia {unknown}
 m - a potion of lignification {unknown}
Comestibles
 c - 6 rations

Table legend:
 A = Turns spent in this place as a percentage of turns spent in the entire game.
 B = Non-inter-level travel turns spent in this place as a percentage of non-inter-level travel turns spent in the entire game.
 C = Inter-level travel turns spent in this place as a percentage of turns spent in this place.
 D = Turns resting spent in this place as a percentage of non-inter-level travel turns spent in this place.
 E = Turns spent auto-exploring this place as a percentage of non-inter-level travel turns spent in this place.
 F = Non-inter-level travel turns spent in this place divided by the number of levels of this place that you've seen.
                   A       B       C       D       E      F
               +-------+-------+-------+-------+-------+----------------------
         Total | 100.0 | 100.0 |   3.1 |  10.5 |  67.7 | 543.7
       Dungeon | 100.0 | 100.0 |   3.1 |  10.5 |  67.7 | 543.7
               +-------+-------+-------+-------+-------+----------------------


   Skills:
 - Level 2.4 Dodging
 - Level 2.4 Stealth
 + Level 4.0 Spellcasting
 * Level 3.3 Conjurations
 + Level 4.0 Fire Magic


You had 3 spell levels left.
You knew the following spells:

 Your Spells              Type           Power        Failure   Level  Hunger
a - Flame Tongue          Conj/Fire      ###..        2%          1    None
b - Sticky Flame          Conj/Fire      ###.....     26%         4    ####...
c - Conjure Flame         Conj/Fire      ###.....     8%          3    ###....

Your spell library contained the following spells:

 Spells                   Type           Power        Failure   Level  Hunger
 Throw Flame              Conj/Fire      ###...       4%          2    #......
 Inner Flame              Hex/Fire       ##......     16%         3    ###....
 Fireball                 Conj/Fire      ###.......   58%         5    ######.


Dungeon Overview and Level Annotations

Branches:
Dungeon (3/15)

Altars:


Message History

Aim: an orc priest, wielding a -3 mace (heavily wounded, covered in liquid flames)
The flame tongue misses the orc priest.
The orc priest burns!
Casting: Flame Tongue (safe; 2% risk of failure)
Confirm with . or Enter, or press ? or * to list all spells.
Aiming: Flame Tongue (safe; 2% risk of failure)
Press: ? - help, Shift-Dir - straight line, f/p - orc priest
Aim: an orc priest, wielding a -3 mace (severely wounded, covered in liquid flames)
The flame tongue misses the orc priest.
The orc priest burns!
The orc priest invokes the aid of Beogh against you.
Beogh smites you!
* * * LOW HITPOINT WARNING * * *
Casting: Flame Tongue (safe; 2% risk of failure)
Confirm with . or Enter, or press ? or * to list all spells.
Aiming: Flame Tongue (safe; 2% risk of failure)
Press: ? - help, Shift-Dir - straight line, f/p - orc priest
Aim: an orc priest, wielding a -3 mace (severely wounded, covered in liquid flames)
The flame tongue misses the orc priest.
The orc priest burns!
The orc priest invokes the aid of Beogh against you.
Pain shoots through your body!
You die...

#. #.########
##........#
..........#
##........#
#.........#
###.......o@#
#....####..##
#.##.#>.##....#
#......#.).##.#
##.#..####(#
#....## ##.#
#.....### #..#
....#. #.## ...
# #.# .. #.# .
###


You could see an orc priest (burning).

Table legend:
 A = Kills in this place as a percentage of kills in entire the game.
 B = Kills by you in this place as a percentage of kills by you in the entire game.
 C = Kills by friends in this place as a percentage of kills by friends in the entire game.
 D = Other kills in this place as a percentage of other kills in the entire game.
 E = Experience gained in this place as a percentage of experience gained in the entire game.
 F = Experience gained in this place divided by the number of levels of this place that you have seen.
                   A       B       C       D       E      F
               +-------+-------+-------+-------+-------+----------------------
         Total | 100.0 | 100.0 |   N/A |   N/A | 100.0 |  42.3
       Dungeon | 100.0 | 100.0 |   N/A |   N/A | 100.0 |  42.3
               +-------+-------+-------+-------+-------+----------------------

Vanquished Creatures
  Monster Symbol All 'K'
  5 kobolds
5 creatures vanquished. All 'b' 5 bats
5 creatures vanquished. All 'g' 4 gnolls (D:2) 5 goblins 5 hobgoblins
14 creatures vanquished. All 'l' A leopard gecko (D:1) 3 frilled lizards
4 creatures vanquished. All 'o' 3 orcs
3 creatures vanquished. All 'r' A quokka (D:2) 2 rats
3 creatures vanquished. All 's' 3 giant cockroaches
3 creatures vanquished. All 'w' 2 dart slugs (D:2)
2 creatures vanquished.
39 creatures vanquished. Monster Nature Natural Monsters 4 gnolls (D:2) 2 dart slugs (D:2) A leopard gecko (D:1) 3 orcs 3 giant cockroaches 5 goblins 5 hobgoblins 5 kobolds A quokka (D:2) 5 bats 3 frilled lizards 2 rats
39 creatures vanquished.
39 creatures vanquished. Ascending Order A leopard gecko (D:1) A quokka (D:2) 2 dart slugs (D:2) 2 rats 3 orcs 3 giant cockroaches 3 frilled lizards 4 gnolls (D:2) 5 hobgoblins 5 kobolds 5 goblins 5 bats
39 creatures vanquished.

Action                   |  1- 3 |  4- 6 || total
-------------------------+-------+-------++-------
 Cast: Flame Tongue      |    57 |    18 ||    75
       Sticky Flame      |       |     1 ||     1
  Eat: Chunk             |       |     1 ||     1
Armor: Robe              |     1 |       ||     1
Dodge: Dodged            |     5 |     2 ||     7
